 Dungeon Crawl Stone Soup version 0.17-a0-1978-gc390f2e (webtiles) character file.

13 RobertPalmer the Cutter (level 2, 0/18 HPs)
             Began as a Deep Elf Chaos Knight on Oct 4, 2015.
             Succumbed to the capriciousness of Xom's residual poison
             ... on level 1 of the Dungeon.
             The game lasted 00:00:52 (515 turns).

RobertPalmer the Cutter (Deep Elf Chaos Knight)      Turns: 515, Time: 00:00:52

Health: 0/18       AC:  6    Str:  9    XL:     2   Next: 24%
Magic:  4/4        EV: 12    Int: 16    God:    Xom [*.....]
Gold:   0          SH:  0    Dex: 14    Spells: 0 memorised, 1 level left

rFire  . . .     SeeInvis .     a - +0 short sword (chaos)
rCold  . . .     Clarity  .     b - +2 leather armour
rNeg   . . .     SustAt   .     (no shield)
rPois  .         Gourm    .     (no helmet)
rElec  .         Spirit   .     (no cloak)
rCorr  .         Warding  .     f - +0 pair of gloves (curse)
rMut   .         Stasis   .     (no boots)
MR     .....                    (no amulet)
Stlth  +.........               (no ring)
                                (no ring)

@: lethally poisoned (0 -> -8), very slightly contaminated, hasted, very quick,
not resistant to hostile enchantments, very unstealthy
A: no striking features
a: Renounce Religion


You were on level 1 of the Dungeon.
You worshipped Xom.
You were a special plaything of Xom.
You were not hungry.

You visited 1 branch of the dungeon, and saw 1 of its levels.

Inventory:

Hand Weapons
 a - a +0 short sword of chaos (weapon)
Armour
 b - a +2 leather armour (worn)
 f - a cursed +0 pair of gloves (worn)
   (You found it on level 1 of the Dungeon)
Jewellery
 e - a +5 ring of strength {unknown}
   (You found it on level 1 of the Dungeon)
Comestibles
 c - a bread ration {@e1}
 g - a royal jelly


   Skills:
 - Level 2.4 Fighting
 + Level 3.7 Short Blades
 - Level 0.7 Armour
 - Level 2.4 Dodging


You had one spell level left.
You didn't know any spells.

Dungeon Overview and Level Annotations

Branches:
Dungeon (1/15)

Altars:


Message History

A hobgoblin is nearby!
A hobgoblin is nearby!
A hobgoblin is nearby!
A kobold comes into view.
The hobgoblin hits you with a club.
You take 6 damage, and have 12/18 hp.
MASSIVE DAMAGE!!
You hit the hobgoblin but do no damage.
Xom smirks.
You detect nothing.
The hobgoblin misses you.
You barely miss the hobgoblin.
The hobgoblin hits you but does no damage.
You hit the hobgoblin. The hobgoblin hits you with a club.
You take 2 damage, and have 10/18 hp.
You hit the hobgoblin. You freeze the hobgoblin.
You kill the hobgoblin!
The kobold throws a stone.
The stone barely misses you.
The kobold throws a stone.
The stone barely misses you.
The kobold throws a stone.
The stone barely misses you. Xom grants you insight.
You detect items!
You are now a special plaything of Xom.
You see here a stone.
The kobold throws a stone.
The stone hits you.
You see here a stone.
You take 1 damage, and have 10/18 hp.
f - a pair of gloves
There are no items here.
The kobold hits you.
You take 3 damage, and have 7/18 hp.
You barely miss the kobold. The kobold hits you but does no damage.
You hit the kobold.
You kill the kobold!
You see here a stone.
Quiver which item? (- for none, * to show all) (? for menu, Esc to quit)
Quivering
f - a pair of gloves for throwing.
You start resting.
Health restored: 18 Wear which item? (? for menu, Esc to quit)
You start putting on your armour.
You continue putting on your pair of gloves.
Xom is getting BORED.
You continue putting on your pair of gloves.
You are now a BORING thing.
You continue putting on your pair of gloves. x2
You finish putting on your cursed +0 pair of gloves.
Oops, that feels deathly cold.
Unknown command.
Unknown command.
Things that are here:
a club; a hobgoblin corpse
g - a royal jelly Xom notices you.
You are lethally poisoned!
You feel very sick.
You are now a special plaything of Xom.
Unknown command.
Unknown command.
Drink which item? (? for menu, Esc to quit)
It was a potion of haste.
You feel yourself speed up.
You feel sick.
You are very lightly contaminated with residual magic.
You take 2 damage, and have 16/18 hp.
You feel sick.
You take 1 damage, and have 15/18 hp.
You feel sick.
You take 1 damage, and have 14/18 hp.
You feel sick.
You take 1 damage, and have 13/18 hp.
You feel sick.
You take 1 damage, and have 12/18 hp.
You feel sick.
You take 1 damage, and have 11/18 hp.
You feel sick.
You take 1 damage, and have 10/18 hp.
You feel sick.
You take 1 damage, and have 9/18 hp.
You feel sick.
You take 1 damage, and have 8/18 hp.
You feel sick.
You take 1 damage, and have 7/18 hp.
You feel sick.
You take 1 damage, and have 6/18 hp.
* * * LOW HITPOINT WARNING * * *
You feel sick.
You take 1 damage, and have 5/18 hp.
* * * LOW HITPOINT WARNING * * *
You feel sick.
You take 1 damage, and have 4/18 hp.
Unknown command.
* * * LOW HITPOINT WARNING * * *
You feel sick.
You take 1 damage, and have 3/18 hp.
* * * LOW HITPOINT WARNING * * *
You feel sick.
You take 1 damage, and have 2/18 hp.
* * * LOW HITPOINT WARNING * * *
You feel sick.
You take 1 damage, and have 1/18 hp.
You die...
Xom chortles!

#.#
#.....##.#####..##
#.#
#...####.......#.#
#.# #..##
...#####.## #.#
#..# .#.## #.#
#.###..# ##....
#.#
###.##...###...#.
#.# #.......#
#...###. ..#
#.#.##..# #...)#
###
...#.##..###.@# ∆
### #.........##
####.####.# #.#
$.# #.# #.## #.#
.. #.##.# #.##.
.....


There were no monsters in sight!

Vanquished Creatures
  A giant gecko (D:1)
  A bat (D:1)
  A giant cockroach (D:1)
  3 goblins (D:1)
  2 hobgoblins (D:1)
  2 kobolds (D:1)
10 creatures vanquished.

Notes
Turn   | Place    | Note
--------------------------------------------------------------
     0 | D:1      | RobertPalmer the Deep Elf Chaos Knight began the quest for the Orb.
     0 | D:1      | Reached XP level 1. HP: 13/13 MP: 3/3
   134 | D:1      | Reached XP level 2. HP: 18/18 MP: 4/4
   146 | D:1      | XOM: divination: magic mapping
   265 | D:1      | XOM: divination: detect creatures
   273 | D:1      | XOM: divination: detect items
   492 | D:1      | XOM is BORED!
   492 | D:1      | XOM: medium Pois miscast
   507 | D:1      | HP: 4/18 [poisoned by the capriciousness of Xom (residual poison)]
   513 | D:1      | HP: 1/18 [poisoned by the capriciousness of Xom (residual poison)]
   515 | D:1      | Succumbed to the capriciousness of Xom's residual poison

Vault maps used:
D:1:      minmay_arrival_split_and_join, minmay_liquid_box

Action                   || total
-------------------------++-------
Melee: Short sword       ||    36
  Use: Potion            ||     1
 Stab: Confused          ||     1

Vault maps used:
D:1:      minmay_arrival_split_and_join, minmay_liquid_box

Table legend:
 A = Turns spent in this place as a percentage of turns spent in the entire game.
 B = Non-inter-level travel turns spent in this place as a percentage of non-inter-level travel turns spent in the entire game.
 C = Inter-level travel turns spent in this place as a percentage of turns spent in this place.
 D = Turns resting spent in this place as a percentage of non-inter-level travel turns spent in this place.
 E = Turns spent auto-exploring this place as a percentage of non-inter-level travel turns spent in this place.
 F = Non-inter-level travel turns spent in this place divided by the number of levels of this place that you've seen.
                   A       B       C       D       E      F
               +-------+-------+-------+-------+-------+----------------------
         Total | 100.0 | 100.0 |   0.0 |   2.6 |   6.5 | 154.0
       Dungeon | 100.0 | 100.0 |   0.0 |   2.6 |   6.5 | 154.0
               +-------+-------+-------+-------+-------+----------------------

Table legend:
 A = Kills in this place as a percentage of kills in entire the game.
 B = Kills by you in this place as a percentage of kills by you in the entire game.
 C = Kills by friends in this place as a percentage of kills by friends in the entire game.
 D = Other kills in this place as a percentage of other kills in the entire game.
 E = Experience gained in this place as a percentage of experience gained in the entire game.
 F = Experience gained in this place divided by the number of levels of this place that you have seen.
                   A       B       C       D       E      F
               +-------+-------+-------+-------+-------+----------------------
         Total | 100.0 | 100.0 |  -nan |  -nan | 100.0 |  19.0
       Dungeon | 100.0 | 100.0 |  -nan |  -nan | 100.0 |  19.0
               +-------+-------+-------+-------+-------+----------------------
